 Dungeon Crawl Stone Soup version 0.18.1-8-gdd0e5ea (webtiles) character file.

35011 KrisztiCat the Thaumaturge (level 13, -3/117 HPs)
             Began as a Gargoyle Earth Elementalist on June 11, 2016.
             Was a High Priest of Vehumet.
             Slain by a blink frog (4 damage)
             ... on level 5 of the Lair of Beasts on June 12, 2016.
             The game lasted 02:22:16 (16449 turns).

KrisztiCat the Thaumaturge (GrEE)                  Turns: 16449, Time: 02:22:16

Health: -3/117     AC: 18    Str: 19    XL:     13   Next: 81%
Magic:  9/27       EV: 12    Int: 27    God:    Vehumet [*****.]
Gold:   553        SH: 12    Dex: 10    Spells: 4 memorised, 19 levels left

rFire  x . .     SeeInvis .     a - +6 mace of the Fool {elec, rElec Int+5}
rCold  + + .     Gourm    .     x - +2 robe {Archmagi}
rNeg   + . .     Faith    .     C - +0 shield
rPois  ∞         Spirit   .     (no helmet)
rElec  +         Dismiss  .     D - +0 cloak
rCorr  .         Reflect  +     y - +2 pair of gloves {Str+3}
SustAt .         Harm     .     (no boots)
MR     .....                    J - +2 amulet of reflection
Stlth  ..........               h - ring of ice
                                v - ring of protection from cold

@: berserking, very slightly contaminated, very quick, not resistant to hostile
enchantments, extremely unstealthy
A: negative energy resistance 1, electricity resistance, unbreathing,
petrification resistance, rot immunity, AC +9
a: Renounce Religion


You were on level 5 of the Lair of Beasts.
You worshipped Vehumet.
Vehumet was extremely pleased with you.
You were hungry.

You visited 2 branches of the dungeon, and saw 18 of its levels.

You collected 887 gold pieces.
You spent 334 gold pieces at shops.

Inventory:

Hand Weapons
 a - the +6 mace of the Fool (weapon) {elec, rElec Int+5}
   (You found it on level 7 of the Dungeon)

   Occasionally, upon striking a foe, it will discharge some electrical energy
   and cause terrible harm.
   It affects your intelligence (+5).
   It insulates you from electricity.
Missiles
 b - 316 stones (quivered)
Armour
 g - the +0 ring mail "Dicear" {+Inv Regen+ Stlth+}
   (You found it on level 4 of the Dungeon)

   It lets you turn invisible.
   It increases your rate of regeneration.
   It makes you more stealthy.
 x - a +2 robe of the Archmagi (worn)
 y - a +2 pair of gloves of strength (worn)
 C - a +0 shield (worn)
 D - a +0 cloak (worn)
 U - a +1 robe of cold resistance
Jewellery
 h - a ring of ice (right hand)
 v - a ring of protection from cold (left hand)
 J - a +2 amulet of reflection (around neck)
 T - an uncursed ring of sustain attributes
Wands
 i - a wand of flame (14/48)
 l - a wand of acid (2/15)
 o - a wand of slowing (19/48)
 t - a wand of polymorph (12/24)
 E - a wand of disintegration (17/24)
 F - a wand of iceblast (8/15)
 L - a wand of acid (8/15)
Scrolls
 f - 2 scrolls of magic mapping
 k - 3 scrolls of blinking
 p - 5 scrolls of remove curse
 q - 3 scrolls of fog
 r - 3 scrolls of teleportation
 s - 3 scrolls of enchant weapon
 H - 3 scrolls of enchant armour
 I - a scroll of fear
 O - 2 scrolls of recharging
 Q - a scroll of amnesia
Potions
 e - a potion of mutation
 n - 3 potions of brilliance
 w - 3 potions of agility
 A - a potion of cure mutation
 B - 4 potions of curing
 G - 2 potions of resistance
 M - a potion of haste
 N - a potion of cancellation
 P - 3 potions of magic
 W - 2 potions of invisibility
 X - 3 potions of flight
Books
 u - a book of Power

   Spells                             Type                      Level
   a - Fulminant Prism                Conjuration/Hexes            4
   b - Iskenderun's Mystic Blast      Conjuration                  4
   c - Venom Bolt                     Conjuration/Poison           5
   d - Bolt of Magma                  Conjuration/Fire/Earth       5
   e - Iron Shot                      Conjuration/Earth            6
   f - Orb of Destruction             Conjuration                  7
   g - Spellforged Servitor           Conjuration/Summoning        7
Comestibles
 c - 20 chunks of flesh
 d - 12 bread rations
 j - 6 meat rations
 K - 4 fruits
 R - a slice of pizza
 Y - 15 royal jellies


   Skills:
 + Level 8.0 Fighting
 + Level 7.0 Maces & Flails
 - Level 5.8 Armour
 - Level 6.0 Dodging
 - Level 2.1 Stealth
 + Level 7.3 Shields
 * Level 10.9 Spellcasting
 + Level 7.7 Conjurations
 + Level 2.9 Charms
   Level 0.7 Transmutations
 + Level 10.9 Earth Magic
 + Level 6.7 Evocations


You had 19 spell levels left.
You knew the following spells:

 Your Spells              Type           Power        Failure   Level  Hunger
a - Sandblast             Erth           ######       1%          1    None
b - Stone Arrow           Conj/Erth      ######       1%          3    None
c - Lee's Rapid Deconstr  Erth           #######...   1%          5    ###....
d - Iskenderun's Battles  Conj/Chrm      ######..     10%         5    ###....


Dungeon Overview and Level Annotations

Branches:
Dungeon (12/15)            Temple (0/1) D:4            Lair (6/8) D:11
 Shoals (0/4) Lair:4          Orc (0/2) D:9
  Snake: Lair:3-6    Spider: Lair:3-6     Slime: Lair:6-8

Altars:
Ashenzari
Cheibriados
Dithmenos
Elyvilon
Fedhas
Gozag
Kikubaaqudgha
Makhleb
Okawaru
Pakellas
Qazlal
Sif Muna
Trog
Vehumet
Yredelemnul

Shops:
D:9 ?   D:11 [


Innate Abilities, Weirdness & Mutations

You are resistant to torment.
Your stone body is resilient (AC +9).
You are immune to poison.
You resist negative energy.
You are resistant to electric shocks.
You can survive without breathing.
You are immune to petrification.
You are immune to rotting.


Message History

Drink which item? (? for menu, Esc to quit)
You feel much better. You block the blink frog's attack.
You block the spiny frog's attack. You block the blink frog's attack.
The blink frog hits you! The blink frog closely misses you.
The blink frog hits you!
* * * LOW HITPOINT WARNING * * *
The blink frog hits you but does no damage.
Drink which item? (? for menu, Esc to quit)
A red film seems to cover your vision as you go berserk!
You feel yourself moving faster!
You feel mighty! The blink frog hits you.
* * * LOW HITPOINT WARNING * * *
You completely miss the blink frog. The blink frog hits you.
* * * LOW HITPOINT WARNING * * *
You completely miss the blink frog. The blink frog hits you!
* * * LOW HITPOINT WARNING * * *
You sock the blink frog!
The blink frog is moderately wounded.
The blink frog hits you.
You die...

##..P.#######..+.P.# ###.P#
#.......##.#.......## #...PP.
.....P#....+........## .......
.....P#..#...........###.......
..........#.........#.#........
P.........##............†......
......##.##P....FF..P.###..†...
÷.....# ####..#.+F##### P..#.
.....#### ###..@## ..†.
.#..P.P.## ###..## #..
##...÷.P.####.....### #
##.#....#.......PPP####
##.#.P....P............#
........................
...................####.
...................#
...................#


You could see a spiny frog and a blink frog.

Vanquished Creatures
  Erolcha (D:9)
  Fannar (Lair:2)
  6 hydras
  A centaur warrior (D:11)
  3 death yaks (Lair:3)
  2 hill giants (D:10)
  A griffon (Lair:3)
  A black mamba (Lair:2)
  2 ugly things
  7 spiny frogs
  A gargoyle (D:10)
  A torpor snail (Lair:5)
  5 komodo dragons
  A rime drake (Lair:6)
  A queen bee (Lair:2)
  2 trolls
  A two-headed ogre (D:11)
  A snapping turtle (Lair:4)
  14 blink frogs
  A spriggan (D:7)
  25 yaks
  5 hippogriffs
  2 basilisks (Lair:4)
  2 hungry ghosts
  2 mottled dragons
  Menkaure (D:7)
  A soldier ant (D:11)
  15 water moccasins
  2 ice beasts
  Duvessa (D:5)
  10 porcupines
  A black bear (D:8)
  A sky beast (D:10)
  An orc warrior (D:9)
  3 phantoms
  2 necrophages
  A centaur (D:5)
  5 ogres
  14 wolves
  4 crocodiles
  Blork the orc (D:4)
  A wyvern zombie (D:8)
  13 giant frogs
  5 scorpions
  Dowan (D:5)
  39 killer bees
  2 electric eels
  14 wights
  2 howler monkeys (D:4)
  A crimson imp (D:7)
  2 giant frog zombies
  A quasit (D:9)
  Crazy Yiuf (D:7)
  2 centaur skeletons
  6 hounds
  2 jellies
  A giant frog skeleton (D:6)
  7 iguanas
  Jessica (D:3)
  3 orc wizards
  7 hell rats (Lair:4)
  9 worker ants
  18 sheep
  A killer bee zombie (D:6)
  A hound zombie (D:7)
  A howler monkey zombie (D:10)
  2 worker ant zombies
  15 adders
  55 river rats
  7 shadow imps
  An ooze (D:1)
  4 worms
  4 giant geckos
  27 orcs
  3 ball pythons (D:1)
  6 giant cockroaches
  5 goblins
  8 hobgoblins
  3 quokkas (D:4)
  6 bats
  A giant cockroach zombie (D:6)
  5 giant newts
  7 kobolds
  2 quokka zombies
  19 rats
473 creatures vanquished.

Vanquished Creatures (others)
  A human (D:8)
  A bush (Lair:4)
  5 fungi
  30 plants
37 creatures vanquished.

Grand Total: 510 creatures vanquished

Notes
Turn   | Place    | Note
--------------------------------------------------------------
     0 | D:1      | KrisztiCat the Gargoyle Earth Elementalist began the quest for the Orb.
     0 | D:1      | Reached XP level 1. HP: 10/10 MP: 3/3
   216 | D:1      | Reached XP level 2. HP: 12/15 MP: 0/5
   518 | D:1      | Reached XP level 3. HP: 19/19 MP: 1/7
   961 | D:2      | Found a snail-covered altar of Cheibriados.
  1274 | D:2      | Found a blossoming altar of Fedhas.
  1586 | D:2      | Reached XP level 4. HP: 21/24 MP: 2/9
  1617 | D:3      | Noticed Jessica
  1662 | D:3      | Killed Jessica
  1682 | D:3      | Learned a level 3 spell: Stone Arrow
  1835 | D:3      | Reached skill level 5 in Earth Magic
  1836 | D:3      | Reached XP level 5. HP: 24/28 MP: 7/10
  1896 | D:3      | Found a bloodstained altar of Trog.
  1911 | D:3      | Found a faded altar to an unknown god.
  2298 | D:3      | Found a burning altar of Makhleb.
  2298 | D:3      | Found a white marble altar of Elyvilon.
  2674 | D:4      | Found a radiant altar of Vehumet.
  2703 | D:5      | Entered Level 5 of the Dungeon
  2703 | D:5      | Noticed Blork the orc
  2963 | D:4      | Killed Blork the orc
  2963 | D:4      | Reached XP level 6. HP: 13/32 MP: 6/13
  2980 | D:4      | Got a warped ring mail
  3070 | D:5      | Noticed Duvessa
  3070 | D:5      | Noticed Dowan
  3380 | D:4      | Reached skill level 5 in Spellcasting
  3484 | D:4      | Became a worshipper of Vehumet
  3770 | D:4      | Found a deep blue altar of Sif Muna.
  4038 | D:4      | Reached XP level 7. HP: 24/37 MP: 8/15
  4154 | D:4      | Reached skill level 1 in Fighting
  4239 | D:4      | Found a staircase to the Ecumenical Temple.
  4363 | D:5      | Killed Dowan
  4367 | D:5      | Killed Duvessa
  4367 | D:5      | Reached skill level 1 in Armour
  4367 | D:5      | Reached skill level 1 in Conjurations
  4424 | D:5      | Learned a level 5 spell: Lee's Rapid Deconstruction
  4581 | D:5      | Reached skill level 1 in Evocations
  4858 | D:5      | Reached XP level 8. HP: 40/45 MP: 13/16
  6021 | D:6      | Reached * piety under Vehumet
  6021 | D:6      | Offered knowledge of Flame Tongue by Vehumet.
  6124 | D:6      | Reached skill level 1 in Maces & Flails
  6718 | D:6      | Reached skill level 1 in Shields
  6819 | D:7      | Noticed Crazy Yiuf
  6844 | D:7      | Killed Crazy Yiuf
  6844 | D:7      | Reached XP level 9. HP: 44/50 MP: 13/18
  7033 | D:7      | Found an iron altar of Okawaru.
  7035 | D:7      | Found an oddly glowing altar of Pakellas.
  7039 | D:7      | Noticed Menkaure
  7045 | D:7      | Killed Menkaure
  7157 | D:7      | Found a shadowy altar of Dithmenos.
  7237 | D:7      | Found a shattered altar of Ashenzari.
  7283 | D:7      | Got an ancient mace
  7284 | D:7      | Identified the +6 mace of the Fool {elec, rElec Int+5} (You found it on level 7 of the Dungeon)
  7412 | D:8      | Reached ** piety under Vehumet
  7417 | D:8      | Offered knowledge of Freeze by Vehumet.
  7467 | D:8      | Found an ancient bone altar of Kikubaaqudgha.
  7821 | D:8      | Found a basalt altar of Yredelemnul.
  8329 | D:10     | Entered Level 10 of the Dungeon
  8336 | D:9      | Reached XP level 10. HP: 57/57 MP: 16/20
  8449 | D:9      | Noticed a cyan ugly thing
  8466 | D:9      | Killed a cyan ugly thing
  8667 | D:9      | Found a staircase to the Orcish Mines.
  8702 | D:9      | Noticed Erolcha
  8718 | D:9      | Killed Erolcha
  8768 | D:9      | Found an opulent altar of Gozag.
  8799 | D:10     | Noticed a hill giant
  8998 | D:9      | Found Hemoi's Magic Scroll Boutique.
  9001 | D:9      | Bought a scroll of recharging for 104 gold pieces
  9001 | D:9      | Bought a scroll of identify for 22 gold pieces
  9001 | D:9      | Bought a scroll of identify for 22 gold pieces
  9001 | D:9      | Bought a scroll of identify for 22 gold pieces
  9001 | D:9      | Bought a scroll of vulnerability for 82 gold pieces
  9001 | D:9      | Bought a scroll of blinking for 82 gold pieces
  9177 | D:9      | Reached skill level 5 in Fighting
  9191 | D:9      | Offered knowledge of Static Discharge by Vehumet.
  9343 | D:9      | Noticed a lindwurm
  9378 | D:10     | Noticed a gargoyle
  9388 | D:10     | Killed a gargoyle
  9450 | D:10     | Reached skill level 5 in Armour
  9492 | D:9      | Reached XP level 11. HP: 41/64 MP: 7/23
  9993 | D:10     | Reached *** piety under Vehumet
 10004 | D:10     | Killed a hill giant
 10004 | D:10     | Reached skill level 5 in Conjurations
 10130 | D:10     | Noticed a hill giant
 10134 | D:10     | Killed a hill giant
 10256 | D:11     | Noticed a centaur warrior
 10274 | D:11     | Killed a centaur warrior
 10453 | D:11     | Noticed a four-headed hydra
 10461 | D:11     | Killed a four-headed hydra
 10485 | D:11     | Reached skill level 5 in Dodging
 10519 | D:11     | Offered knowledge of Mephitic Cloud by Vehumet.
 10640 | D:11     | Found Amena's Antique Armour Shoppe.
 10739 | D:11     | Noticed a cyan ugly thing
 10746 | D:11     | Killed a cyan ugly thing
 10746 | D:11     | Reached skill level 5 in Maces & Flails
 10793 | D:11     | Reached skill level 5 in Shields
 10798 | D:11     | Found a staircase to the Lair.
 11072 | Lair:1   | Entered Level 1 of the Lair of Beasts
 11149 | Lair:2   | Noticed Fannar
 11159 | Lair:1   | Reached XP level 12. HP: 68/70 MP: 19/25
 11281 | Lair:1   | Reached skill level 5 in Evocations
 11363 | Lair:1   | Reached **** piety under Vehumet
 11483 | Lair:1   | Offered knowledge of Venom Bolt by Vehumet.
 12310 | Lair:2   | Killed Fannar
 12377 | Lair:2   | Noticed an eight-headed hydra
 12412 | Lair:2   | Killed an eight-headed hydra
 12502 | Lair:3   | Noticed a five-headed hydra
 12547 | Lair:2   | Noticed a six-headed hydra
 12553 | Lair:2   | Killed a six-headed hydra
 12741 | Lair:2   | Learned a level 5 spell: Iskenderun's Battlesphere
 12759 | Lair:2   | Reached skill level 10 in Earth Magic
 12759 | Lair:2   | Reached ***** piety under Vehumet
 12759 | Lair:2   | Offered knowledge of Conjure Ball Lightning by Vehumet.
 12856 | Lair:3   | Killed a five-headed hydra
 12856 | Lair:3   | Reached skill level 10 in Spellcasting
 13003 | Lair:2   | Reached skill level 1 in Charms
 13109 | Lair:2   | Reached XP level 13. HP: 58/76 MP: 21/27
 13215 | Lair:2   | Identified the cursed +0 ring mail "Dicear" {+Inv Regen+ Stlth+} (You found it on level 4 of the Dungeon)
 13807 | Lair:3   | Found a stormy altar of Qazlal.
 14948 | Lair:4   | Offered knowledge of Spellforged Servitor by Vehumet.
 15766 | Lair:4   | Found a staircase to the Shoals.
 16429 | Lair:5   | Offered knowledge of Bolt of Fire by Vehumet.
 16448 | Lair:5   | HP: 1/117 [blink frog (12)]
 16449 | Lair:5   | Slain by a blink frog

Skill      XL: |  1  2  3  4  5  6  7  8  9 10 11 12 13 |
---------------+----------------------------------------+-----
Earth Magic    | 4 5 6 7 8 9 10 | 10.9
Spellcasting   | 3 4 5 6 7 8 9 10 | 10.9
Fighting       | 2 3 4 5 6 7 8 |  8.0
Armour         | 1 2 4 5 |  5.8
Dodging        | 2 3 4 5 6 |  6.0
Conjurations   | 1 2 3 4 5 6 7 |  7.7
Evocations     | 1 2 3 4 6 |  6.7
Maces & Flails | 1 3 4 5 6 7 |  7.0
Shields        | 1 2 3 5 6 7 |  7.3
Charms         | 1 2 |  2.9
Stealth        | |  2.1
Transmutations | |  0.7

Action                   |  1- 3 |  4- 6 |  7- 9 | 10-12 | 13-15 || total
-------------------------+-------+-------+-------+-------+-------++-------
Melee: Short sword       |    43 |    77 |       |       |       ||   120
       Whip              |       |     8 |     6 |       |       ||    14
       Mace              |       |       |    26 |   200 |   243 ||   469
 Cast: Sandblast         |    67 |    91 |   147 |     4 |     5 ||   314
       Stone Arrow       |       |       |    26 |   240 |   146 ||   412
       Lee's Rapid Decon |       |       |       |    16 |    18 ||    34
  Use: Scroll            |       |    12 |     8 |     8 |     4 ||    32
       Potion            |       |       |     2 |     1 |     2 ||     5
 Stab: Sleeping          |     1 |       |       |       |       ||     1
       Distracted        |       |       |       |       |     1 ||     1
  Eat: Chunk             |     2 |     5 |    12 |    12 |     2 ||    33
       Pizza             |       |     1 |       |     1 |       ||     2
       Beef jerky        |       |     1 |       |     1 |       ||     2
       Fruit             |       |       |     2 |     4 |       ||     6
       Meat ration       |       |       |       |       |     2 ||     2
Armor: Robe              |    22 |    61 |    60 |   133 |    93 ||   369
Dodge: Dodged            |    56 |    96 |    71 |   161 |   115 ||   499
Block: Other             |       |       |     3 |    11 |       ||    14
       Reflection        |       |       |       |     2 |       ||     2
       Shield            |       |       |       |   108 |   184 ||   292
